 Dungeon Crawl Stone Soup version 0.18-a0-1300-g6e8322c (webtiles) character file.

32459 Ijustatesigmund the Cleaver (level 13, -6/111 HPs)
             Began as a Demonspawn Berserker on Feb 11, 2016.
             Was a High Priest of Trog.
             Killed by divine providence
             ... invoked by an orc priest
              (13 damage)
             ... on level 2 of the Orcish Mines.
             The game lasted 00:52:37 (16318 turns).

Ijustatesigmund the Cleaver (Demonspawn Berserker) Turns: 16318, Time: 00:52:39

Health: -6/111     AC: 14    Str: 19    XL:     13   Next: 31%
Magic:  17/17      EV: 14    Int:  9    God:    Trog [*****.]
Gold:   1933       SH:  0    Dex: 16    Spells: 0 memorised, 12 levels left

rFire  + . .     SeeInvis .     w - +2 war axe
rCold  + + .     Gourm    .     q - +2 leather armour {rC+}
rNeg   + . .     Faith    .     (no shield)
rPois  .         Spirit   .     B - +2 helmet
rElec  .         Dismiss  .     b - +0 cloak
rCorr  .         Reflect  .     L - +0 pair of gloves
SustAt .         Harm     .     (no boots)
MR     .....                    (no amulet)
Stlth  +.........               J - ring of positive energy
                                x - ring of protection from fire

@: about to teleport, not resistant to hostile enchantments, very unstealthy
A: yellow scales 2, cold resistance 1, spiny 2
a: Berserk, Trog's Hand, Brothers in Arms, Burn Spellbooks, Renounce Religion


You were on level 2 of the Orcish Mines.
You worshipped Trog.
Trog was extremely pleased with you.
You were not hungry.

You visited 2 branches of the dungeon, and saw 14 of its levels.
You also visited: Ossuary and Ice Cave.

You collected 1933 gold pieces.

Inventory:

Hand Weapons
 e - a +0 battleaxe of venom
 k - a +4 hunting sling of flaming
 w - a +2 war axe (weapon)
Missiles
 a - 5 steel javelins (quivered)
 l - 8 poisoned javelins
Armour
 b - a +0 cloak (worn)
 q - a +2 leather armour of cold resistance (worn)
 B - a +2 helmet (worn)
 L - a +0 pair of gloves (worn)
Jewellery
 s - an uncursed ring of ice
 x - a ring of protection from fire (left hand)
 C - an uncursed ring of protection from fire
 J - a ring of positive energy (right hand)
Wands
 i - a wand of teleportation (6/9)
 n - a wand of acid (3/15)
 t - a wand of confusion (35/48)
 D - a wand of polymorph (5/24)
 E - a wand of paralysis (14/24)
 F - a wand of acid (4/15)
 K - a wand of paralysis (15/24)
Scrolls
 h - 3 scrolls of recharging
 j - 10 scrolls of remove curse
 v - a scroll of magic mapping
 y - 3 scrolls of random uselessness
 N - 2 scrolls of identify
Potions
 d - 6 potions of curing
 f - 2 potions of cure mutation
 m - 3 potions of heal wounds
 o - 2 potions of cancellation
 p - 2 potions of invisibility
 r - 2 potions of lignification
 u - 3 potions of ambrosia
 z - a potion of flight
 G - 2 potions of resistance {unknown}
Books
 H - a book of the Sky

   Spells                             Type                      Level
   a - Summon Lightning Spire         Summoning/Air                4
   b - Airstrike                      Air                          4
   c - Silence                        Hexes/Air                    5
   d - Deflect Missiles               Charms/Air                   6
   e - Conjure Ball Lightning         Conjuration/Air              6
   f - Tornado                        Air                          9
   Trog disapproves of the use of such an item.
 I - a book of Minor Magic

   Spells                             Type                      Level
   a - Magic Dart                     Conjuration                  1
   b - Blink                          Translocation                2
   c - Call Imp                       Summoning                    2
   d - Repel Missiles                 Charms/Air                   2
   e - Slow                           Hexes                        2
   f - Conjure Flame                  Conjuration/Fire             3
   g - Mephitic Cloud                 Conjuration/Poison/Air       3
   Trog disapproves of the use of such an item.
Comestibles
 c - 9 bread rations
 g - 4 meat rations


   Skills:
 + Level 13.0 Fighting
 * Level 14.1 Axes
 - Level 3.1 Throwing
 - Level 6.5 Armour
 + Level 4.5 Dodging
 - Level 6.0 Evocations


You had 12 spell levels left.
You didn't know any spells.

Dungeon Overview and Level Annotations

Branches:
Dungeon (12/15)            Temple (0/1) D:5            Lair (0/8) D:10
    Orc (2/2) D:12            Elf (0/3) Orc:2

Altars:
Dithmenos
Kikubaaqudgha
Okawaru
Yredelemnul
Beogh

Shops:
D:7 }   Orc:2 :

Annotations:
D:8 1 runed door
Orc:2 Saint Roka


Innate Abilities, Weirdness & Mutations

You are mostly covered in yellow scales (AC +3).
Your flesh is cold resistant.
You are mostly covered in sharp spines.


Message History

Your ogre hits the orc wizard with a giant club!!
The orc wizard dies!
Trog accepts your kill.
Trog appreciates your killing of a magic user.
Evoke which item? (* to show all) (? for menu, Esc to quit)
Zapping:
i - a wand of teleportation (7/9)
Press: ? - help, Shift-Dir - straight line, f - you You feel strangely unstable.
This wand has 6 charges left.
Saint Roka mumbles some strange prayers to Beogh against you.
Something smites you!
* * * LOW HITPOINT WARNING * * *
The orc high priest utters an invocation to Beogh.
The orc warrior hits you from afar with a glaive!
* * * LOW HITPOINT WARNING * * *
The orc priest calls down the wrath of Beogh upon you.
Something smites you!
* * * LOW HITPOINT WARNING * * *
The orc priest mumbles some strange prayers to Beogh against you.
Something smites you!
You die...

##...............#
##..............#########
####.......[...........))... #**
##..#.....).....#############
#.###.............)##,,,,,,,,,,,,
....#..........)..##,,,,,,,,,,,,,
...............)).#,,,,,,*****,,,
#..............)..#,,,,,,,*,*,,,,
,...##.........)@O#,,,,,*,,,,,*,,
#.####..........oo#,,,,***,,,***,
...#..o.........o(#,,*,,*,,,,,*,,
......).$...#.(..oo,,**,,,*∩*,,,*
.....)∩...........(o,*,,,,∩,∩,,,,
.....o...o........o..**,,,*∩*,,,*
#......$..........#..#,,*,,,,,*,,
.................3#...,***,,,***,
.......$.......,,,*,,,,,*,,,,,*,,


You could see Saint Roka, an orc high priest, a chaos spawn, an orc warrior, 5
orc priests and a friendly ogre (berserk).

Vanquished Creatures
  An orc warlord (Orc:1)
  Fannar (D:11)
  A death yak (IceCv)
  Pikel (D:7)
  4 hill giants
  A wolf spider zombie (D:12)
  2 ugly things (D:11)
  A cyclops (D:11)
  A manticore (D:11)
  An ice statue (IceCv)
  2 gargoyles
  2 kobold demonologists
  13 polar bears (IceCv)
  3 trolls
  Grinder (D:3)
  3 two-headed ogres
  A spriggan (D:8)
  25 yaks
  A hungry ghost (D:8)
  A steam dragon (D:7)
  14 wolves (IceCv)
  A hippogriff (D:10)
  3 wargs
  2 water moccasins
  3 sky beasts
  Duvessa (D:4)
  23 orc warriors
  An ice beast (D:5)
  4 wasps
  A black bear (D:6)
  2 phantoms
  A necrophage (D:8)
  10 ogres
  7 centaurs
  2 crocodiles
  3 big kobolds
  3 giant frogs
  5 water moccasin zombies (Ossuary)
  A wyvern skeleton (D:12)
  4 scorpions
  Dowan (D:4)
  16 killer bees
  A water moccasin skeleton (D:10)
  9 crimson imps
  3 centaur zombies (D:12)
  A giant frog zombie (D:12)
  20 orc priests
  3 jellies
  29 orc wizards
  3 centaur skeletons
  3 giant frog skeletons
  3 hounds
  5 iguanas
  5 worker ants
  Ijyb (D:3)
  A killer bee zombie (D:6)
  3 sheep (D:11)
  3 big kobold zombies (Ossuary)
  2 hound zombies (D:6)
  A hound skeleton (D:9)
  2 mummies (Ossuary)
  Robin (D:3)
  6 gnolls
  20 adders
  4 shadow imps
  12 white imps (Orc:1)
  2 oozes
  5 adder zombies (Ossuary)
  3 adder skeletons
  4 worms
  7 giant geckos
  76 orcs
  A ball python (D:6)
  9 giant cockroaches
  18 goblins
  10 hobgoblins
  10 jackals
  6 quokkas
  9 bats
  A giant gecko skeleton (D:7)
  9 giant newts
  2 gnoll zombies (Ossuary)
  3 hobgoblin zombies (Ossuary)
  A jackal skeleton (D:8)
  25 kobolds
  4 kobold zombies (Ossuary)
  4 orc zombies (Ossuary)
  A quokka skeleton (D:4)
  A quokka zombie (D:5)
  8 rats
534 creatures vanquished.

Vanquished Creatures (collateral kills)
  A frost giant (IceCv)
  Snorg (Orc:2)
  A death yak (IceCv)
  An orc high priest (Orc:2)
  2 orc sorcerers
  5 polar bears (IceCv)
  4 yaks (IceCv)
  A wolf (IceCv)
  3 orc warriors (Orc:1)
  An orc priest (Orc:1)
  2 orc wizards
  9 orcs
31 creatures vanquished.

Vanquished Creatures (others)
  An ogre (D:7)
1 creature vanquished.

Grand Total: 566 creatures vanquished

Notes
Turn   | Place    | Note
--------------------------------------------------------------
     0 | D:1      | Ijustatesigmund the Demonspawn Berserker began the quest for the Orb.
     0 | D:1      | Reached XP level 1. HP: 18/18 MP: 1/1
   283 | D:1      | Gained mutation: You are partially covered in sharp spines. [demonic ancestry]
   283 | D:1      | Reached XP level 2. HP: 20/24 MP: 2/2
   617 | D:1      | Reached ** piety under Trog
   695 | D:1      | Reached XP level 3. HP: 30/30 MP: 3/3
   977 | D:2      | Reached skill level 4 in Fighting
  1148 | D:2      | Reached XP level 4. HP: 37/37 MP: 4/4
  1249 | D:2      | Reached *** piety under Trog
  1618 | D:3      | Noticed Robin
  1832 | D:3      | Killed Robin
  1875 | D:3      | Noticed Ijyb
  1880 | D:3      | Killed Ijyb
  1880 | D:3      | Gained mutation: You are partially covered in yellow scales (AC +2). [demonic ancestry]
  1880 | D:3      | Reached XP level 5. HP: 37/43 MP: 5/5
  1924 | D:3      | Noticed Grinder
  1928 | D:3      | Found an iron altar of Okawaru.
  1936 | D:3      | Killed Grinder
  1936 | D:3      | Reached skill level 5 in Fighting
  1936 | D:3      | Reached skill level 5 in Axes
  1936 | D:3      | Reached XP level 6. HP: 22/52 MP: 6/6
  2264 | D:3      | Reached **** piety under Trog
  2527 | D:3      | Noticed a sky beast
  2541 | D:3      | Killed a sky beast
  2541 | D:3      | Reached skill level 6 in Fighting
  2541 | D:3      | Reached XP level 7. HP: 41/58 MP: 7/7
  2652 | D:4      | Noticed Dowan
  2662 | D:4      | Killed Dowan
  2663 | D:4      | Noticed Duvessa
  2671 | D:4      | Killed Duvessa
  2674 | D:4      | Found a sand-covered staircase.
  2721 | Ossuary  | Entered an ossuary
  2849 | Ossuary  | Reached skill level 7 in Fighting
  2955 | Ossuary  | Reached XP level 8. HP: 53/67 MP: 8/8
  4009 | D:5      | Entered Level 5 of the Dungeon
  4195 | D:5      | Found a staircase to the Ecumenical Temple.
  4451 | D:5      | Reached skill level 8 in Fighting
  4691 | D:6      | Found an ancient bone altar of Kikubaaqudgha.
  4886 | D:6      | Reached ***** piety under Trog
  4886 | D:6      | Gained mutation: Your flesh is cold resistant. [demonic ancestry]
  4886 | D:6      | Reached XP level 9. HP: 64/74 MP: 9/9
  5302 | D:7      | Noticed Pikel
  5321 | D:7      | Killed Pikel
  5569 | D:7      | Reached skill level 9 in Fighting
  5764 | D:7      | Found Buakhlih's Gadget Boutique.
  5937 | D:8      | Reached skill level 5 in Armour
  5958 | D:8      | Reached XP level 10. HP: 80/82 MP: 10/10
  6126 | D:8      | Noticed a hill giant
  6134 | D:8      | Killed a hill giant
  6294 | D:8      | Reached skill level 10 in Fighting
  6438 | D:8      | Found a runed door.
  6440 | D:8      | Found a basalt altar of Yredelemnul.
  6646 | D:9      | Received a gift from Trog
  7265 | D:10     | Entered Level 10 of the Dungeon
  7311 | D:10     | Found a staircase to the Lair.
  7360 | D:10     | Reached skill level 1 in Throwing
  7593 | D:10     | Found a shadowy altar of Dithmenos.
  7643 | D:10     | Noticed a hill giant
  7652 | D:10     | Killed a hill giant
  7691 | D:10     | Reached skill level 10 in Axes
  8046 | D:10     | Gained mutation: You are mostly covered in sharp spines. [demonic ancestry]
  8046 | D:10     | Reached XP level 11. HP: 91/91 MP: 11/11
  8453 | D:11     | Received a gift from Trog
  8509 | D:11     | Noticed a cyan ugly thing
  8522 | D:11     | Killed a cyan ugly thing
  8522 | D:11     | Reached skill level 11 in Fighting
  8704 | D:11     | Received a gift from Trog
  9243 | D:11     | Noticed Fannar
  9282 | D:11     | Killed Fannar
  9666 | D:11     | Noticed a white ugly thing
  9675 | D:11     | Killed a white ugly thing
  9675 | D:11     | Received a gift from Trog
 10476 | D:11     | Received a gift from Trog
 10952 | D:12     | Noticed a hill giant
 10964 | D:12     | Killed a hill giant
 10964 | D:12     | Reached skill level 12 in Axes
 11154 | D:12     | Reached XP level 12. HP: 49/102 MP: 12/12
 11378 | D:12     | Reached skill level 1 in Evocations
 11961 | D:12     | Found a staircase to the Orcish Mines.
 11974 | Orc:1    | Entered Level 1 of the Orcish Mines
 11994 | Orc:1    | Found a frozen archway.
 11994 | Orc:1    | Found a roughly hewn altar of Beogh.
 12012 | IceCv    | Entered an ice cave
 12280 | IceCv    | Received a gift from Trog
 12866 | IceCv    | Reached skill level 13 in Axes
 13513 | IceCv    | Noticed a death yak
 13526 | IceCv    | Killed a death yak
 13555 | IceCv    | Noticed a frost giant
 13555 | IceCv    | Noticed a death yak
 13568 | IceCv    | Killed a death yak
 13568 | IceCv    | Reached skill level 5 in Evocations
 13572 | IceCv    | Killed a frost giant
 14045 | Orc:1    | Gained mutation: You are mostly covered in yellow scales (AC +3). [demonic ancestry]
 14045 | Orc:1    | Reached XP level 13. HP: 76/109 MP: 16/16
 14437 | Orc:2    | Entered Level 2 of the Orcish Mines
 14494 | Orc:2    | Noticed an orc warlord
 14504 | Orc:1    | Received a gift from Trog
 14516 | Orc:1    | Killed an orc warlord
 15269 | Orc:2    | Noticed Snorg
 15278 | Orc:2    | Killed Snorg
 15461 | Orc:2    | Reached skill level 14 in Axes
 15466 | Orc:2    | Found a staircase to the Elven Halls.
 15568 | Orc:2    | Found Otzewn's Book Shoppe.
 15572 | Orc:2    | Noticed Saint Roka
 16291 | Orc:2    | Received a gift from Trog
 16318 | Orc:2    | Killed from afar by an orc priest

Vault maps used:
D:1:      tarquinn_simple_flora_water_f
D:2:      kennysheep_decorative_pillar, mrwooster_statue_mirror
D:3:      old_standard_altar, uniq_grinder, uniq_robin, uniq_iyjb
D:4:      enter_ossuary_5, hangedman_decor_lopped, uniq_duvessa
D:5:      minmay_temple_entry_glass, first_bread
D:6:      kiku_gazebo_garden_becter
D:7:      serial_shops, shop, uniq_pikel
D:8:      the_bakery, dk_yredelemnul_ordeal
D:10:     lair_0_dummy, basic_altar, statue_in_the_mist_lemuel
D:11:     uniq_fannar
D:12:     david_orc_4
Orc:1:    portal_ice_cave_entry_imps, basic_altar
Orc:2:    st_orc_mages, serial_shops, shop, uniq_saint_roka, uniq_snorg
Ossuary:  ossuary_tomb_2
IceCv:    ice_cave_caverns_01

Action                   |  1- 3 |  4- 6 |  7- 9 | 10-12 | 13-15 || total
-------------------------+-------+-------+-------+-------+-------++-------
Melee: Hand axe          |    81 |   110 |   133 |       |       ||   324
       War axe           |       |       |   218 |   667 |   171 ||  1056
Throw: Javelin           |       |       |       |     7 |     8 ||    15
Invok: Trog's Hand       |       |     1 |     2 |     9 |     1 ||    13
       Berserk           |       |     1 |     1 |     8 |     1 ||    11
       Brothers in Arms  |       |       |       |     2 |     3 ||     5
       Burn Spellbooks   |       |       |       |     1 |       ||     1
Evoke: Wand              |       |       |       |     3 |     2 ||     5
  Use: Scroll            |       |     6 |     9 |    15 |     1 ||    31
       Potion            |       |       |       |     7 |     4 ||    11
 Stab: Sleeping          |     3 |     1 |       |     1 |     1 ||     6
       Distracted        |       |       |     1 |     1 |       ||     2
       Invisible         |       |       |       |     3 |       ||     3
  Eat: Chunk             |     1 |     5 |    11 |    24 |     2 ||    43
       Pizza             |       |       |     1 |     2 |       ||     3
       Royal jelly       |       |       |     1 |       |       ||     1
       Fruit             |       |       |       |     4 |       ||     4
       Beef jerky        |       |       |       |     1 |       ||     1
       Bread ration      |       |       |       |     1 |     1 ||     2
       Meat ration       |       |       |       |       |     1 ||     1
